[ AOE2 MATCH · #474292713 ]
UnrankedMalay vs None
Rival team · WIN
[ REPLAY ANALYSIS · EXTRACTED FROM THE RECORDED GAME ]
Feudal
—
Castle
—
Imperial
28:39
| APM avg | 11.3 |
| APM peak | 25 |
| eAPM avg | 7.6 |
| Villagers / military | 71 / 0 |
Focus
⚔️ 10.9% · 🌾 89.1%
Fishing Ship ×67
Feudal
—
Castle
—
Imperial
49:15
| APM avg | 15.4 |
| APM peak | 71 |
| eAPM avg | 10.7 |
| Villagers / military | 112 / 0 |
Focus
⚔️ 28.8% · 🌾 71.2%
Fishing Ship ×53
Feudal
—
Castle
—
Imperial
25:56
| APM avg | 16.1 |
| APM peak | 86 |
| eAPM avg | 15.1 |
| Villagers / military | 106 / 0 |
Focus
⚔️ 43.7% · 🌾 56.3%
Feudal
—
Castle
—
Imperial
46:47
| APM avg | 10.9 |
| APM peak | 66 |
| eAPM avg | 9.4 |
| Villagers / military | 59 / 0 |
Focus
⚔️ 12.0% · 🌾 88.0%
Fishing Ship ×28
Feudal
—
Castle
—
Imperial
38:46
| APM avg | 7.1 |
| APM peak | 38 |
| eAPM avg | 6.8 |
| Villagers / military | 52 / 0 |
Focus
⚔️ 51.6% · 🌾 48.4%
Unknown (840) ×7
Feudal
—
Castle
—
Imperial
36:57
| APM avg | 5.6 |
| APM peak | 30 |
| eAPM avg | 4.9 |
| Villagers / military | 44 / 0 |
Focus
⚔️ 44.6% · 🌾 55.4%
Feudal
—
Castle
—
Imperial
21:22
| APM avg | 7.2 |
| APM peak | 39 |
| eAPM avg | 6.3 |
| Villagers / military | 107 / 0 |
Focus
⚔️ 16.7% · 🌾 83.3%
Feudal
—
Castle
—
Imperial
26:39
| APM avg | 10.9 |
| APM peak | 62 |
| eAPM avg | 9.7 |
| Villagers / military | 119 / 0 |
Focus
⚔️ 7.6% · 🌾 92.4%
Fishing Ship ×25
Match map
Initial resources + every placement click. Lines = walls · curves = elevation contours. ◆ gold · ⬟ stone · ● berries · ✦ relic · ◌ wall gap
Your base· Open — 8t gap
harewq2's base· Open — unwalled flank
Viper-帝魔's base· Open — unwalled flank
Smokelord's base· Open — unwalled flank
菜就多练啊's base· Open — unwalled flank
Sweet Peach's base· Open — unwalled flank
魔帝's base· Open — unwalled flank
18902345299's base· Open — unwalled flank
Smoothed initial terrain · ◌ = detected wall gap · hover for details
Inputs per minute
— 沧海 - - harewq2
Build order — 沧海
First 150 of 321 actions detected
| 0:17 | Create | Villager (Male) ×5 |
| 0:17 | Create | Villager (Male) ×5 |
| 0:44 | Build | Mining Camp |
| 0:45 | Build | Mining Camp |
| 0:46 | Build | Mining Camp |
| 0:47 | Build | Mining Camp |
| 0:48 | Build | Mining Camp |
| 0:49 | Build | Mining Camp |
| 0:50 | Build | Mining Camp |
| 0:51 | Build | Mining Camp |
| 0:52 | Build | Mining Camp |
| 0:53 | Build | Mining Camp |
| 0:54 | Build | Mining Camp |
| 0:55 | Build | Mining Camp |
| 1:11 | Build | Mining Camp |
| 1:12 | Build | Mining Camp |
| 1:13 | Build | Mining Camp |
| 1:14 | Build | Mining Camp |
| 1:15 | Build | Mining Camp |
| 1:17 | Build | Mining Camp |
| 1:49 | Create | Villager (Male) |
| 1:49 | Create | Villager (Male) |
| 1:56 | Build | Barracks |
| 2:30 | Research | Pikeman (upgrade) |
| 2:47 | Build | Dock |
| 3:14 | Build | Mill |
| 3:23 | Build | Mining Camp |
| 3:24 | Build | Mining Camp |
| 3:25 | Build | Mining Camp |
| 3:26 | Build | Mining Camp |
| 3:27 | Build | Mining Camp |
| 3:28 | Build | Mining Camp |
| 3:29 | Build | Mining Camp |
| 3:30 | Build | Mining Camp |
| 3:31 | Build | Mining Camp |
| 3:50 | Create | Villager (Male) |
| 3:51 | Create | Villager (Male) |
| 4:11 | Build | Dock |
| 4:48 | Build | Farm |
| 4:49 | Build | Farm |
| 5:18 | Create | Villager (Male) |
| 5:18 | Create | Villager (Male) |
| 6:58 | Build | Building 1098 |
| 7:03 | Build | Building 1098 |
| 7:09 | Research | War Galley (upgrade) |
| 7:27 | Build | Building 1097 |
| 7:39 | Build | Building 1097 |
| 7:45 | Create | Villager (Male) |
| 7:46 | Create | Villager (Male) |
| 7:46 | Create | Villager (Male) |
| 7:46 | Create | Villager (Male) |
| 8:14 | Build | Farm |
| 8:22 | Build | Building 1097 |
| 8:25 | Build | Building 1097 |
| 8:39 | Build | Lumber Camp |
| 9:20 | Research | Paper Money |
| 9:29 | Build | Lumber Camp |
| 10:11 | Build | Building 1097 |
| 10:15 | Create | Villager (Male) |
| 10:15 | Create | Villager (Male) |
| 10:15 | Create | Villager (Male) |
| 10:51 | Build | Lumber Camp |
| 11:00 | Research | Gillnets |
| 11:07 | Build | Farm |
| 11:49 | Build | Mining Camp |
| 11:50 | Build | Mining Camp |
| 11:51 | Build | Mining Camp |
| 11:52 | Build | Mining Camp |
| 11:56 | Build | Mining Camp |
| 12:10 | Create | Fishing Ship |
| 12:10 | Create | Fishing Ship |
| 12:19 | Build | University |
| 12:56 | Create | Villager (Male) |
| 12:56 | Create | Villager (Male) |
| 13:07 | Research | Treadmill Crane |
| 13:08 | Research | Murder Holes |
| 13:10 | Research | Masonry |
| 13:38 | Build | Farm |
| 13:44 | Create | Fishing Ship |
| 13:44 | Create | Fishing Ship |
| 13:48 | Build | Fish Trap |
| 14:44 | Build | Farm |
| 15:02 | Build | Building 1098 |
| 15:12 | Build | Building 1098 |
| 15:19 | Build | Building 1098 |
| 15:24 | Build | Fish Trap |
| 15:28 | Create | Fishing Ship |
| 15:34 | Research | Hand Cart |
| 16:08 | Create | Villager (Male) |
| 16:08 | Create | Villager (Male) |
| 16:12 | Create | Fishing Ship |
| 16:12 | Create | Fishing Ship |
| 16:13 | Create | Fishing Ship |
| 16:18 | Build | Fish Trap |
| 17:30 | Build | Fish Trap |
| 17:33 | Build | Fish Trap |
| 17:45 | Create | Fishing Ship |
| 17:51 | Create | Villager (Male) |
| 17:51 | Create | Villager (Male) |
| 18:42 | Build | Mining Camp |
| 18:43 | Build | Mining Camp |
| 18:44 | Build | Mining Camp |
| 18:45 | Build | Mining Camp |
| 18:50 | Create | Fishing Ship |
| 18:55 | Build | Fish Trap |
| 19:00 | Create | Villager (Male) |
| 19:00 | Create | Villager (Male) |
| 20:00 | Create | Villager (Male) |
| 20:00 | Create | Villager (Male) |
| 20:15 | Build | Mining Camp |
| 20:26 | Build | Mining Camp |
| 20:27 | Build | Mining Camp |
| 20:29 | Build | Mining Camp |
| 20:44 | Build | Fish Trap |
| 21:03 | Research | Gold Shaft Mining |
| 21:08 | Research | Tech 19 |
| 21:43 | Research | Ballistics |
| 22:20 | Build | Dock |
| 22:42 | Build | Dock |
| 23:28 | Build | Dock |
| 24:17 | Build | Blacksmith |
| 25:45 | Build | Castle |
| 26:45 | Research | Imperial Age |
| 27:56 | Build | Building 1098 |
| 28:22 | Build | Building 1098 |
| 28:29 | Build | Building 1098 |
| 28:38 | Research | Tech 905 |
| 28:39 | Age | Imperial Age |
| 28:50 | Research | Galleon (upgrade) |
| 29:01 | Research | Bodkin Arrow |
| 32:52 | Create | Fishing Ship ×5 |
| 32:53 | Create | Fishing Ship ×5 |
| 32:53 | Create | Fishing Ship ×5 |
| 32:53 | Create | Fishing Ship ×5 |
| 32:53 | Create | Fishing Ship ×5 |
| 32:54 | Create | Fishing Ship ×2 |
| 33:01 | Create | Villager (Male) ×5 |
| 33:01 | Create | Villager (Male) ×5 |
| 33:01 | Create | Villager (Male) ×4 |
| 33:19 | Build | Lumber Camp |
| 33:32 | Build | Lumber Camp |
| 33:42 | Build | Lumber Camp |
| 33:59 | Build | Fish Trap |
| 34:00 | Build | Fish Trap |
| 34:04 | Create | Fishing Ship |
| 34:04 | Create | Fishing Ship |
| 34:05 | Create | Fishing Ship |
| 34:23 | Build | Lumber Camp |
| 34:53 | Create | Villager (Male) |
| 34:53 | Create | Villager (Male) |
Build order — harewq2
First 150 of 370 actions detected
| 0:06 | Create | Villager (Male) ×5 |
| 0:06 | Create | Villager (Male) ×5 |
| 0:06 | Create | Villager (Male) |
| 0:11 | Build | Mill |
| 0:18 | Build | House |
| 0:18 | Build | House |
| 0:19 | Build | House |
| 0:19 | Build | House |
| 0:19 | Build | House |
| 0:19 | Build | House |
| 0:20 | Build | House |
| 0:20 | Build | House |
| 0:20 | Build | House |
| 0:20 | Build | House |
| 0:21 | Build | House |
| 0:21 | Build | House |
| 0:21 | Build | House |
| 0:21 | Build | House |
| 0:22 | Build | House |
| 0:22 | Build | House |
| 0:22 | Build | House |
| 0:22 | Build | House |
| 0:23 | Build | House |
| 1:43 | Create | Villager (Male) |
| 2:18 | Build | House |
| 2:19 | Build | House |
| 2:19 | Build | House |
| 2:27 | Create | Villager (Male) |
| 3:00 | Create | Villager (Male) |
| 3:35 | Create | Villager (Male) |
| 4:03 | Build | House |
| 4:04 | Build | House |
| 4:04 | Create | Villager (Male) |
| 4:30 | Create | Villager (Male) |
| 4:30 | Create | Villager (Male) |
| 4:57 | Create | Villager (Male) |
| 5:18 | Create | Villager (Male) |
| 5:55 | Create | Villager (Male) |
| 6:28 | Build | Lumber Camp |
| 6:30 | Create | Villager (Male) |
| 6:42 | Build | Lumber Camp |
| 6:43 | Build | Lumber Camp |
| 6:46 | Build | Lumber Camp |
| 6:49 | Build | Lumber Camp |
| 6:50 | Build | Lumber Camp |
| 7:28 | Create | Villager (Male) |
| 7:28 | Create | Villager (Male) |
| 7:57 | Research | Heavy Plow |
| 7:57 | Research | Heavy Plow |
| 8:00 | Research | Bow Saw |
| 8:00 | Research | Bow Saw |
| 8:15 | Create | Villager (Male) |
| 8:45 | Build | Farm |
| 8:45 | Build | Farm |
| 8:45 | Build | Farm |
| 8:46 | Build | Farm |
| 8:46 | Build | Farm |
| 8:46 | Build | Farm |
| 8:47 | Build | Farm |
| 8:48 | Build | Farm |
| 9:11 | Research | Two-Man Saw |
| 9:11 | Research | Two-Man Saw |
| 10:43 | Create | Villager (Male) |
| 10:43 | Create | Villager (Male) |
| 11:08 | Create | Villager (Male) |
| 11:12 | Create | Villager (Male) |
| 12:01 | Create | Villager (Male) ×2 |
| 12:05 | Build | Mining Camp |
| 12:06 | Build | Farm |
| 12:07 | Build | Farm |
| 12:07 | Build | Farm |
| 12:08 | Build | Farm |
| 12:35 | Create | Villager (Male) ×2 |
| 12:35 | Create | Villager (Male) |
| 13:06 | Build | Farm |
| 13:20 | Research | Crop Rotation |
| 13:20 | Research | Crop Rotation |
| 13:25 | Build | Building 1219 |
| 14:06 | Research | Gold Shaft Mining |
| 14:11 | Create | Villager (Male) |
| 14:23 | Research | Paper Money |
| 15:23 | Build | House |
| 15:24 | Build | House |
| 15:24 | Build | House |
| 15:24 | Build | House |
| 15:25 | Build | House |
| 15:25 | Build | House |
| 15:25 | Build | House |
| 15:25 | Build | House |
| 15:26 | Build | House |
| 15:26 | Build | House |
| 15:26 | Build | House |
| 15:26 | Build | House |
| 17:15 | Build | Building 1219 |
| 17:46 | Build | House |
| 17:46 | Build | House |
| 17:47 | Build | House |
| 17:47 | Build | House |
| 17:47 | Build | House |
| 17:47 | Build | House |
| 17:48 | Build | House |
| 17:48 | Build | House |
| 18:27 | Build | Mill |
| 18:28 | Build | Farm |
| 18:28 | Build | Farm |
| 18:29 | Build | Farm |
| 18:29 | Build | Farm |
| 18:36 | Build | Mill |
| 18:37 | Build | Farm |
| 18:38 | Build | Farm |
| 18:38 | Build | Farm |
| 18:38 | Build | Farm |
| 18:52 | Build | Mill |
| 18:52 | Build | Farm |
| 18:54 | Build | Farm |
| 18:54 | Build | Farm |
| 18:54 | Build | Farm |
| 19:13 | Build | Farm |
| 19:15 | Build | Farm |
| 19:17 | Build | Farm |
| 19:18 | Build | Farm |
| 19:23 | Build | House |
| 19:24 | Build | House |
| 19:24 | Build | House |
| 19:24 | Build | House |
| 20:26 | Build | House |
| 20:27 | Build | House |
| 20:27 | Build | House |
| 20:27 | Build | House |
| 20:27 | Build | House |
| 20:28 | Build | House |
| 20:28 | Build | House |
| 20:28 | Build | House |
| 20:28 | Build | House |
| 20:53 | Build | Mining Camp |
| 21:38 | Build | House |
| 21:39 | Build | House |
| 22:13 | Build | House |
| 22:14 | Build | House |
| 22:15 | Build | House |
| 22:16 | Build | House |
| 22:33 | Build | Farm |
| 22:33 | Build | Farm |
| 22:34 | Build | Farm |
| 22:35 | Build | Farm |
| 22:36 | Build | Farm |
| 24:22 | Build | University |
| 24:25 | Build | Blacksmith |
| 26:24 | Build | Farm |
| 26:25 | Build | Farm |
Build order — Viper-帝魔
First 150 of 508 actions detected
| 0:15 | Build | Building 190 |
| 0:33 | Build | Mill |
| 0:38 | Create | Villager (Male) |
| 0:39 | Create | Villager (Male) |
| 0:42 | Create | Villager (Male) |
| 0:43 | Create | Villager (Male) |
| 0:47 | Create | Villager (Male) |
| 0:48 | Create | Villager (Male) |
| 0:48 | Create | Villager (Male) |
| 1:12 | Build | University |
| 1:19 | Build | Blacksmith |
| 1:25 | Build | Castle |
| 1:35 | Build | Archery Range |
| 2:07 | Build | Blacksmith |
| 2:17 | Build | Lumber Camp |
| 2:17 | Build | Lumber Camp |
| 2:18 | Build | Lumber Camp |
| 2:18 | Build | Lumber Camp |
| 2:18 | Build | Lumber Camp |
| 2:19 | Build | Lumber Camp |
| 2:19 | Build | Lumber Camp |
| 2:19 | Build | Lumber Camp |
| 2:28 | Research | Elite Skirmisher (upgrade) |
| 2:42 | Build | Building 1098 |
| 2:43 | Build | Building 1098 |
| 2:57 | Create | Villager (Male) |
| 2:57 | Create | Villager (Male) |
| 3:18 | Build | Castle |
| 3:19 | Build | Castle |
| 4:03 | Create | Villager (Male) |
| 4:04 | Create | Villager (Male) |
| 4:04 | Create | Villager (Male) |
| 4:28 | Build | Castle |
| 4:36 | Build | Lumber Camp |
| 4:37 | Build | Lumber Camp |
| 4:37 | Build | Lumber Camp |
| 4:37 | Build | Lumber Camp |
| 4:37 | Build | Lumber Camp |
| 4:38 | Build | Lumber Camp |
| 4:38 | Build | Lumber Camp |
| 4:38 | Build | Lumber Camp |
| 4:39 | Build | Lumber Camp |
| 4:39 | Build | Lumber Camp |
| 4:39 | Build | Lumber Camp |
| 4:40 | Build | Lumber Camp |
| 4:40 | Build | Lumber Camp |
| 5:04 | Research | Treadmill Crane |
| 5:05 | Research | Murder Holes |
| 5:11 | Research | Bodkin Arrow |
| 5:33 | Create | Villager (Male) |
| 5:34 | Create | Villager (Male) |
| 6:12 | Build | Lumber Camp |
| 6:12 | Build | Lumber Camp |
| 6:12 | Build | Lumber Camp |
| 6:13 | Build | Lumber Camp |
| 6:13 | Build | Lumber Camp |
| 6:13 | Build | Lumber Camp |
| 6:14 | Build | Lumber Camp |
| 6:14 | Build | Lumber Camp |
| 6:15 | Build | Lumber Camp |
| 6:50 | Build | Lumber Camp |
| 6:52 | Create | Villager (Male) |
| 6:53 | Create | Villager (Male) |
| 6:53 | Create | Villager (Male) |
| 7:55 | Build | Lumber Camp |
| 8:04 | Build | Lumber Camp |
| 8:23 | Build | Lumber Camp |
| 8:23 | Build | Lumber Camp |
| 8:24 | Build | Lumber Camp |
| 8:24 | Build | Lumber Camp |
| 8:24 | Build | Lumber Camp |
| 8:25 | Build | Lumber Camp |
| 8:25 | Build | Lumber Camp |
| 8:26 | Build | Lumber Camp |
| 8:26 | Build | Lumber Camp |
| 8:26 | Build | Lumber Camp |
| 8:27 | Build | Lumber Camp |
| 8:27 | Build | Lumber Camp |
| 8:27 | Build | Lumber Camp |
| 8:28 | Build | Lumber Camp |
| 8:28 | Build | Lumber Camp |
| 8:28 | Build | Lumber Camp |
| 8:37 | Create | Villager (Male) |
| 8:37 | Create | Villager (Male) |
| 8:37 | Create | Villager (Male) |
| 8:47 | Build | Lumber Camp |
| 8:52 | Build | Lumber Camp |
| 9:29 | Build | Farm |
| 9:31 | Create | Villager (Male) |
| 9:31 | Create | Villager (Male) |
| 9:40 | Build | Farm |
| 9:50 | Build | Farm |
| 10:09 | Build | Lumber Camp |
| 10:09 | Build | Lumber Camp |
| 10:09 | Build | Lumber Camp |
| 10:10 | Build | Lumber Camp |
| 10:10 | Build | Lumber Camp |
| 10:10 | Build | Lumber Camp |
| 10:11 | Build | Lumber Camp |
| 10:11 | Build | Lumber Camp |
| 10:31 | Build | Lumber Camp |
| 10:36 | Build | Lumber Camp |
| 10:43 | Build | Farm |
| 10:45 | Build | Farm |
| 10:46 | Build | Farm |
| 10:48 | Create | Villager (Male) |
| 10:49 | Create | Villager (Male) |
| 10:57 | Build | Farm |
| 10:59 | Build | Farm |
| 11:01 | Build | Farm |
| 11:09 | Build | Mill |
| 11:15 | Build | Farm |
| 11:24 | Build | Mill |
| 11:26 | Create | Villager (Male) |
| 11:27 | Create | Villager (Male) |
| 11:40 | Build | Farm |
| 11:42 | Build | Farm |
| 11:44 | Build | Farm |
| 11:45 | Build | Farm |
| 11:46 | Build | Farm |
| 12:01 | Build | Lumber Camp |
| 12:01 | Build | Lumber Camp |
| 12:01 | Build | Lumber Camp |
| 12:02 | Build | Lumber Camp |
| 12:02 | Build | Lumber Camp |
| 12:02 | Build | Lumber Camp |
| 12:03 | Build | Lumber Camp |
| 12:03 | Build | Lumber Camp |
| 12:03 | Build | Lumber Camp |
| 12:04 | Build | Lumber Camp |
| 12:04 | Build | Lumber Camp |
| 12:04 | Build | Lumber Camp |
| 12:05 | Build | Lumber Camp |
| 12:05 | Build | Lumber Camp |
| 12:05 | Build | Lumber Camp |
| 12:06 | Build | Lumber Camp |
| 12:49 | Create | Villager (Male) |
| 12:49 | Create | Villager (Male) |
| 12:49 | Create | Villager (Male) |
| 12:50 | Create | Villager (Male) |
| 12:50 | Create | Villager (Male) |
| 13:00 | Build | Farm |
| 13:02 | Build | Farm |
| 13:29 | Build | Farm |
| 13:40 | Create | Villager (Male) |
| 13:40 | Create | Villager (Male) |
| 13:52 | Build | Farm |
| 14:05 | Build | Farm |
| 14:36 | Research | Paper Money |
| 14:55 | Build | Farm |
Build order — Smokelord
First 150 of 328 actions detected
| 0:38 | Build | Mill |
| 1:30 | Create | Villager (Male) ×5 |
| 2:29 | Build | House |
| 2:29 | Build | House |
| 2:30 | Build | House |
| 2:30 | Build | House |
| 2:31 | Build | House |
| 2:32 | Build | House |
| 2:32 | Build | House |
| 2:32 | Build | House |
| 2:33 | Build | House |
| 2:33 | Build | House |
| 2:34 | Build | House |
| 2:34 | Build | House |
| 2:35 | Build | House |
| 2:35 | Build | House |
| 2:35 | Build | House |
| 2:40 | Build | House |
| 2:40 | Build | House |
| 2:41 | Build | House |
| 2:41 | Build | House |
| 2:41 | Build | House |
| 2:42 | Build | House |
| 2:42 | Build | House |
| 2:42 | Build | House |
| 2:44 | Build | House |
| 2:45 | Build | House |
| 3:07 | Create | Villager (Male) |
| 3:07 | Create | Villager (Male) |
| 3:18 | Create | Villager (Male) |
| 3:46 | Create | Villager (Male) |
| 4:33 | Create | Villager (Male) |
| 5:13 | Create | Villager (Male) |
| 6:29 | Create | Villager (Male) |
| 6:30 | Create | Villager (Male) |
| 6:50 | Build | House |
| 6:50 | Build | House |
| 6:51 | Build | House |
| 6:51 | Build | House |
| 6:52 | Build | House |
| 6:52 | Build | House |
| 6:52 | Build | House |
| 9:55 | Build | Lumber Camp |
| 10:14 | Build | Lumber Camp |
| 10:34 | Build | University |
| 10:55 | Create | Villager (Male) ×4 |
| 11:23 | Build | House |
| 11:24 | Build | House |
| 11:24 | Build | House |
| 11:25 | Build | House |
| 11:25 | Build | House |
| 11:26 | Build | House |
| 11:26 | Build | House |
| 11:26 | Build | House |
| 11:50 | Build | Farm |
| 11:52 | Build | Farm |
| 11:54 | Build | Farm |
| 11:58 | Build | Farm |
| 12:02 | Build | Farm |
| 13:05 | Build | House |
| 13:05 | Build | House |
| 13:05 | Build | House |
| 13:06 | Build | House |
| 13:06 | Build | House |
| 13:07 | Build | House |
| 13:07 | Build | House |
| 13:08 | Build | House |
| 13:08 | Build | House |
| 13:09 | Build | House |
| 13:09 | Build | House |
| 13:22 | Build | Farm |
| 13:28 | Create | Villager (Male) |
| 13:42 | Build | Farm |
| 13:45 | Build | Farm |
| 13:46 | Build | Farm |
| 13:49 | Build | Farm |
| 14:09 | Research | Ballistics |
| 16:00 | Build | Caravanserai |
| 16:09 | Create | Villager (Male) ×2 |
| 16:40 | Build | Castle |
| 16:53 | Build | House |
| 16:53 | Build | House |
| 16:53 | Build | House |
| 16:54 | Build | House |
| 16:54 | Build | House |
| 16:55 | Build | House |
| 16:55 | Build | House |
| 16:56 | Build | House |
| 16:56 | Build | House |
| 17:21 | Create | Villager (Male) |
| 17:40 | Build | Farm |
| 17:42 | Build | Farm |
| 18:56 | Research | Treadmill Crane |
| 18:57 | Research | Murder Holes |
| 19:15 | Create | Villager (Male) ×2 |
| 19:29 | Build | House |
| 19:30 | Build | House |
| 19:30 | Build | House |
| 19:30 | Build | House |
| 19:31 | Build | House |
| 19:31 | Build | House |
| 19:32 | Build | House |
| 19:33 | Build | House |
| 19:36 | Build | House |
| 19:39 | Build | House |
| 20:14 | Create | Villager (Male) |
| 20:15 | Create | Villager (Male) |
| 20:40 | Build | Mining Camp |
| 21:02 | Build | Mining Camp |
| 22:47 | Build | Farm |
| 22:49 | Build | Farm |
| 22:50 | Build | Farm |
| 23:10 | Build | Farm |
| 23:11 | Build | Farm |
| 23:14 | Build | Farm |
| 23:15 | Build | Farm |
| 23:17 | Build | Farm |
| 23:26 | Build | Mill |
| 24:14 | Research | Hand Cart |
| 24:19 | Research | Gold Shaft Mining |
| 24:29 | Build | Farm |
| 24:30 | Build | Farm |
| 24:31 | Build | Farm |
| 26:02 | Build | Farm |
| 26:03 | Build | Farm |
| 26:07 | Build | Farm |
| 26:24 | Build | Farm |
| 26:43 | Build | Mining Camp |
| 27:12 | Build | Farm |
| 30:16 | Build | Farm |
| 30:17 | Build | Farm |
| 30:18 | Build | Farm |
| 33:05 | Build | Farm |
| 34:50 | Build | Lumber Camp |
| 35:03 | Build | Lumber Camp |
| 36:05 | Build | Dock |
| 36:10 | Build | Dock |
| 37:32 | Create | Villager (Male) ×5 |
| 37:32 | Create | Villager (Male) ×5 |
| 37:33 | Create | Villager (Male) ×5 |
| 37:33 | Create | Villager (Male) ×5 |
| 37:34 | Create | Villager (Male) ×5 |
| 37:34 | Create | Villager (Male) ×5 |
| 37:46 | Create | Fishing Ship ×5 |
| 37:47 | Create | Fishing Ship ×5 |
| 37:47 | Create | Fishing Ship ×5 |
| 37:48 | Create | Fishing Ship ×2 |
| 38:01 | Create | Fishing Ship |
| 38:07 | Create | Fishing Ship |
| 38:14 | Create | Villager (Male) ×2 |
Build order — 菜就多练啊
First 150 of 330 actions detected
| 0:03 | Create | Villager (Male) |
| 0:05 | Create | Villager (Male) |
| 0:07 | Create | Villager (Male) |
| 0:07 | Create | Villager (Male) |
| 0:07 | Create | Villager (Male) |
| 0:08 | Create | Villager (Male) |
| 0:26 | Build | Castle |
| 0:38 | Build | University |
| 1:13 | Build | Mill |
| 1:16 | Research | Treadmill Crane |
| 1:17 | Research | Murder Holes |
| 1:39 | Build | Castle |
| 2:03 | Build | Mill |
| 2:03 | Build | Mill |
| 2:03 | Build | Mill |
| 2:04 | Build | Mill |
| 2:04 | Build | Mill |
| 2:12 | Create | Villager (Male) |
| 2:56 | Create | Villager (Male) |
| 2:56 | Create | Villager (Male) |
| 3:34 | Create | Villager (Male) |
| 4:07 | Create | Villager (Male) |
| 4:23 | Build | Mill |
| 4:23 | Build | Mill |
| 4:23 | Build | Mill |
| 4:24 | Build | Mill |
| 4:24 | Build | Mill |
| 4:24 | Build | Mill |
| 4:43 | Create | Villager (Male) |
| 4:44 | Create | Villager (Male) |
| 4:54 | Build | Castle |
| 4:55 | Build | Castle |
| 5:28 | Create | Villager (Male) |
| 5:49 | Build | Stable |
| 6:22 | Build | House |
| 6:22 | Build | House |
| 6:23 | Build | House |
| 6:23 | Build | House |
| 6:23 | Build | House |
| 6:23 | Build | House |
| 6:24 | Build | House |
| 6:24 | Build | House |
| 6:24 | Build | House |
| 6:41 | Build | Lumber Camp |
| 6:48 | Build | Farm |
| 6:50 | Build | Farm |
| 6:51 | Build | Farm |
| 6:54 | Build | Farm |
| 7:32 | Create | Villager (Male) |
| 7:42 | Research | Light Cavalry (upgrade) |
| 8:10 | Build | Archery Range |
| 8:11 | Build | Archery Range |
| 8:11 | Build | Archery Range |
| 8:11 | Build | Archery Range |
| 8:11 | Build | Archery Range |
| 8:12 | Build | Archery Range |
| 8:12 | Build | Archery Range |
| 8:21 | Build | Farm |
| 8:26 | Research | Bow Saw |
| 8:51 | Research | Heavy Plow |
| 8:52 | Research | Heavy Plow |
| 9:20 | Build | Farm |
| 9:21 | Build | Farm |
| 9:35 | Build | Mill |
| 9:47 | Build | Farm |
| 9:48 | Build | Farm |
| 9:49 | Build | Farm |
| 9:51 | Build | Farm |
| 10:11 | Build | Archery Range |
| 10:11 | Build | Archery Range |
| 10:11 | Build | Archery Range |
| 10:12 | Build | Archery Range |
| 10:12 | Build | Archery Range |
| 10:12 | Build | Archery Range |
| 10:13 | Build | Archery Range |
| 10:17 | Create | Villager (Male) |
| 11:03 | Build | Blacksmith |
| 11:10 | Create | Villager (Male) |
| 11:11 | Create | Villager (Male) |
| 11:25 | Build | Lumber Camp |
| 11:43 | Research | Leather Archer Armor |
| 11:53 | Research | Bloodlines |
| 12:05 | Build | Archery Range |
| 12:05 | Build | Archery Range |
| 12:05 | Build | Archery Range |
| 12:05 | Build | Archery Range |
| 12:06 | Build | Archery Range |
| 12:20 | Create | Villager (Male) |
| 12:41 | Create | Villager (Male) |
| 12:59 | Build | Mill |
| 13:07 | Build | Farm |
| 13:08 | Build | Farm |
| 13:09 | Build | Farm |
| 13:10 | Build | Farm |
| 13:33 | Build | Mill |
| 13:44 | Build | Farm |
| 13:45 | Build | Farm |
| 13:47 | Build | Farm |
| 13:48 | Build | Farm |
| 13:52 | Create | Villager (Male) |
| 14:26 | Build | Archery Range |
| 14:26 | Build | Archery Range |
| 14:26 | Build | Archery Range |
| 14:26 | Build | Archery Range |
| 14:38 | Create | Villager (Male) |
| 14:43 | Research | Bodkin Arrow |
| 15:11 | Create | Villager (Male) |
| 16:00 | Build | Archery Range |
| 16:00 | Build | Archery Range |
| 16:01 | Build | Archery Range |
| 16:30 | Build | Mill |
| 16:37 | Build | Farm |
| 16:39 | Build | Farm |
| 16:41 | Build | Farm |
| 16:43 | Build | Farm |
| 16:46 | Create | Villager (Male) |
| 16:50 | Create | Villager (Male) |
| 17:14 | Build | Mill |
| 17:14 | Build | Mill |
| 17:14 | Build | Mill |
| 17:19 | Research | Thumb Ring |
| 17:57 | Build | Archery Range |
| 17:57 | Build | Archery Range |
| 17:57 | Build | Archery Range |
| 17:57 | Build | Archery Range |
| 18:15 | Research | Gold Shaft Mining |
| 19:05 | Build | Castle |
| 19:17 | Build | Building 1097 |
| 20:06 | Build | Archery Range |
| 20:06 | Build | Archery Range |
| 20:12 | Build | Archery Range |
| 20:32 | Build | Mill |
| 21:16 | Build | Mining Camp |
| 21:25 | Build | Farm |
| 21:26 | Build | Farm |
| 21:27 | Build | Farm |
| 21:29 | Build | Farm |
| 25:49 | Create | Villager (Male) ×5 |
| 25:49 | Create | Villager (Male) ×5 |
| 25:53 | Create | Villager (Male) ×5 |
| 25:53 | Create | Villager (Male) ×5 |
| 25:55 | Create | Villager (Male) |
| 26:01 | Create | Villager (Male) |
| 26:20 | Create | Villager (Male) |
| 26:45 | Create | Villager (Male) |
| 27:20 | Create | Villager (Male) |
| 27:54 | Create | Villager (Male) |
| 28:23 | Research | Masonry |
| 28:32 | Create | Villager (Male) |
| 29:24 | Research | Paper Money |
Build order — Sweet Peach
First 150 of 179 actions detected
| 0:23 | Create | Villager (Male) ×5 |
| 0:23 | Create | Villager (Male) ×5 |
| 0:34 | Build | Blacksmith |
| 0:38 | Build | University |
| 0:43 | Build | Mining Camp |
| 0:49 | Build | Castle |
| 0:51 | Build | Castle |
| 0:53 | Build | Castle |
| 0:55 | Build | Castle |
| 0:58 | Build | Castle |
| 2:53 | Research | Iron Casting |
| 2:55 | Research | Chain Mail Armor |
| 2:58 | Research | Treadmill Crane |
| 2:59 | Research | Murder Holes |
| 3:21 | Research | Bodkin Arrow |
| 4:52 | Research | Masonry |
| 5:44 | Build | Mining Camp |
| 5:51 | Build | Castle |
| 6:15 | Research | Squires |
| 6:15 | Research | Arson |
| 7:17 | Build | Castle |
| 8:10 | Build | Castle |
| 9:03 | Create | Villager (Male) |
| 9:03 | Create | Villager (Male) |
| 9:03 | Create | Villager (Male) |
| 10:52 | Build | Lumber Camp |
| 10:57 | Build | Lumber Camp |
| 11:02 | Build | Lumber Camp |
| 11:57 | Research | Hand Cart |
| 12:03 | Research | Town Patrol |
| 12:05 | Research | Gold Shaft Mining |
| 14:43 | Build | Castle |
| 14:44 | Build | Castle |
| 14:46 | Build | Castle |
| 16:35 | Build | Castle |
| 16:38 | Build | Castle |
| 16:40 | Build | Castle |
| 17:17 | Create | Villager (Male) |
| 17:17 | Create | Villager (Male) |
| 18:01 | Build | Mill |
| 18:06 | Build | Mill |
| 18:21 | Build | Mill |
| 18:24 | Build | Mill |
| 18:35 | Build | Castle |
| 18:36 | Build | Castle |
| 18:38 | Build | Castle |
| 18:39 | Build | Castle |
| 18:48 | Research | Heavy Plow |
| 19:08 | Build | Farm |
| 19:50 | Build | Castle |
| 20:24 | Build | Castle |
| 20:27 | Build | Castle |
| 21:31 | Create | Villager (Male) |
| 22:09 | Build | Farm |
| 22:13 | Create | Villager (Male) |
| 22:44 | Build | Farm |
| 22:46 | Create | Villager (Male) |
| 23:18 | Build | Farm |
| 24:08 | Create | Villager (Male) |
| 25:26 | Research | Supremacy |
| 25:59 | Build | Farm |
| 26:06 | Build | Farm |
| 26:14 | Build | Farm |
| 26:21 | Create | Villager (Male) |
| 26:51 | Build | Castle |
| 26:53 | Build | Castle |
| 26:54 | Build | Castle |
| 26:55 | Build | Castle |
| 26:57 | Build | Castle |
| 27:00 | Build | Castle |
| 27:01 | Build | Castle |
| 27:03 | Build | Castle |
| 27:05 | Build | Castle |
| 27:07 | Build | Castle |
| 27:08 | Build | Castle |
| 27:16 | Build | Farm |
| 28:19 | Create | Villager (Male) |
| 28:19 | Create | Villager (Male) |
| 28:51 | Build | Farm |
| 29:14 | Build | Farm |
| 29:51 | Create | Villager (Male) |
| 30:04 | Build | Castle |
| 30:06 | Build | Castle |
| 30:08 | Build | Castle |
| 30:10 | Build | Castle |
| 30:11 | Build | Castle |
| 30:23 | Build | Farm |
| 30:27 | Create | Villager (Male) |
| 30:27 | Create | Villager (Male) |
| 30:59 | Build | Farm |
| 31:03 | Research | Ballistics |
| 31:15 | Create | Villager (Male) |
| 32:12 | Build | Castle |
| 32:14 | Build | Castle |
| 32:27 | Create | Villager (Male) |
| 32:27 | Create | Villager (Male) |
| 32:28 | Create | Villager (Male) |
| 32:59 | Build | Castle |
| 33:33 | Build | Castle |
| 34:08 | Build | Castle |
| 34:09 | Build | Castle |
| 34:35 | Build | Castle |
| 35:03 | Research | Imperial Age |
| 35:21 | Build | Castle |
| 36:06 | Build | Castle |
| 36:07 | Build | Castle |
| 36:10 | Build | Castle |
| 36:57 | Age | Imperial Age |
| 37:02 | Research | Crop Rotation |
| 37:06 | Research | Plate Mail Armor |
| 37:14 | Research | Architecture |
| 38:08 | Research | Hoardings |
| 38:25 | Build | Castle |
| 38:30 | Build | Castle |
| 39:22 | Build | Castle |
| 39:35 | Research | Elite Gbeto (upgrade) |
| 40:07 | Build | Castle |
| 40:08 | Build | Castle |
| 40:11 | Build | Castle |
| 41:02 | Build | Castle |
| 41:27 | Create | Villager (Male) |
| 41:28 | Create | Villager (Male) |
| 41:28 | Create | Villager (Male) |
| 42:39 | Build | Farm |
| 42:44 | Build | Farm |
| 43:22 | Create | Villager (Male) |
| 43:23 | Create | Villager (Male) |
| 43:28 | Research | Tech 19 |
| 43:56 | Build | Farm |
| 44:04 | Research | Burgundian Vineyards |
| 44:06 | Research | Tech 19 |
| 44:24 | Build | Farm |
| 44:41 | Research | Garland Wars |
| 46:17 | Research | Tech 19 |
| 46:21 | Research | Gambesons |
| 46:28 | Research | Tech 19 |
| 46:34 | Research | Tech 19 |
| 46:38 | Research | Bloodlines |
| 46:39 | Research | Supremacy |
| 46:56 | Create | Villager (Male) |
| 46:56 | Create | Villager (Male) |
| 47:42 | Research | Tech 19 |
| 47:53 | Research | Tech 19 |
| 48:06 | Build | Farm |
| 48:08 | Build | Farm |
| 48:09 | Build | Farm |
| 48:19 | Research | Garland Wars |
| 48:27 | Build | Farm |
| 49:03 | Build | Castle |
| 49:05 | Build | Castle |
Build order — 魔帝
First 150 of 305 actions detected
| 0:28 | Create | Villager (Male) |
| 0:28 | Create | Villager (Male) |
| 0:28 | Create | Villager (Male) |
| 0:28 | Create | Villager (Male) |
| 0:29 | Create | Villager (Male) |
| 0:29 | Create | Villager (Male) |
| 0:29 | Create | Villager (Male) |
| 0:30 | Create | Villager (Male) |
| 0:30 | Create | Villager (Male) |
| 0:30 | Create | Villager (Male) |
| 2:05 | Build | Castle |
| 2:41 | Build | Mining Camp |
| 2:42 | Build | Mining Camp |
| 2:42 | Build | Mining Camp |
| 2:42 | Build | Mining Camp |
| 2:43 | Build | Mining Camp |
| 2:43 | Build | Mining Camp |
| 2:43 | Build | Mining Camp |
| 2:44 | Build | Mining Camp |
| 2:44 | Build | Mining Camp |
| 2:44 | Build | Mining Camp |
| 2:45 | Build | Mining Camp |
| 2:45 | Build | Mining Camp |
| 2:45 | Build | Mining Camp |
| 2:46 | Build | Mining Camp |
| 2:46 | Build | Mining Camp |
| 2:46 | Build | Mining Camp |
| 2:47 | Build | Mining Camp |
| 2:47 | Build | Mining Camp |
| 2:58 | Create | Villager (Male) |
| 2:58 | Create | Villager (Male) |
| 2:59 | Create | Villager (Male) |
| 2:59 | Create | Villager (Male) |
| 2:59 | Create | Villager (Male) |
| 3:37 | Build | Castle |
| 3:53 | Create | Villager (Male) |
| 4:03 | Research | Squires |
| 4:37 | Build | Castle |
| 4:49 | Build | Farm |
| 4:50 | Build | Farm |
| 4:52 | Build | Farm |
| 4:54 | Build | Farm |
| 5:04 | Build | Farm |
| 5:07 | Build | Farm |
| 5:10 | Build | Farm |
| 5:12 | Build | Farm |
| 5:14 | Build | Farm |
| 5:16 | Build | Farm |
| 5:21 | Build | Mill |
| 5:33 | Build | Farm |
| 5:55 | Build | Blacksmith |
| 6:39 | Build | Castle |
| 6:40 | Build | Castle |
| 6:47 | Research | Iron Casting |
| 7:02 | Build | Farm |
| 7:39 | Build | Mining Camp |
| 7:41 | Build | Mining Camp |
| 8:06 | Research | Chain Mail Armor |
| 8:11 | Create | Villager (Male) |
| 8:12 | Create | Villager (Male) |
| 8:12 | Create | Villager (Male) |
| 8:12 | Create | Villager (Male) |
| 8:12 | Create | Villager (Male) |
| 8:17 | Research | Heavy Plow |
| 8:25 | Research | Arson |
| 8:49 | Build | Castle |
| 9:38 | Build | Mining Camp |
| 9:49 | Create | Villager (Male) |
| 10:21 | Build | Lumber Camp |
| 10:24 | Create | Villager (Male) |
| 10:32 | Build | Farm |
| 10:45 | Build | Mining Camp |
| 10:46 | Build | Mining Camp |
| 10:47 | Build | Mining Camp |
| 11:28 | Build | Farm |
| 11:33 | Create | Villager (Male) |
| 11:33 | Create | Villager (Male) |
| 11:33 | Create | Villager (Male) |
| 11:34 | Create | Villager (Male) |
| 11:34 | Create | Villager (Male) |
| 11:40 | Research | Bow Saw |
| 11:50 | Build | Mining Camp |
| 11:50 | Build | Mining Camp |
| 11:51 | Build | Mining Camp |
| 12:25 | Build | Farm |
| 12:28 | Create | Villager (Male) |
| 12:37 | Build | Farm |
| 12:48 | Build | Mining Camp |
| 12:48 | Build | Mining Camp |
| 12:49 | Build | Mining Camp |
| 12:49 | Build | Mining Camp |
| 13:25 | Create | Villager (Male) |
| 13:25 | Create | Villager (Male) |
| 13:26 | Create | Villager (Male) |
| 13:26 | Create | Villager (Male) |
| 13:26 | Create | Villager (Male) |
| 13:26 | Create | Villager (Male) |
| 13:34 | Build | Farm |
| 14:14 | Build | Mining Camp |
| 14:15 | Build | Mining Camp |
| 14:15 | Build | Mining Camp |
| 14:16 | Build | Mining Camp |
| 14:16 | Build | Mining Camp |
| 14:27 | Build | Farm |
| 14:33 | Build | Farm |
| 14:36 | Create | Villager (Male) |
| 15:16 | Build | Castle |
| 15:17 | Build | Castle |
| 15:24 | Research | Bodkin Arrow |
| 15:32 | Build | Farm |
| 15:35 | Create | Villager (Male) |
| 15:35 | Create | Villager (Male) |
| 15:35 | Create | Villager (Male) |
| 15:36 | Create | Villager (Male) |
| 16:37 | Research | Gold Shaft Mining |
| 17:17 | Create | Villager (Male) |
| 17:18 | Create | Villager (Male) |
| 17:29 | Build | Mining Camp |
| 17:30 | Build | Mining Camp |
| 17:31 | Build | Mining Camp |
| 17:31 | Build | Mining Camp |
| 17:31 | Build | Mining Camp |
| 18:12 | Research | Imperial Age |
| 18:32 | Build | Siege Workshop |
| 19:20 | Create | Villager (Male) |
| 19:54 | Create | Villager (Male) |
| 20:23 | Build | Mining Camp |
| 21:22 | Age | Imperial Age |
| 21:30 | Build | Bombard Tower |
| 21:33 | Research | Onager (upgrade) |
| 22:02 | Research | Two-Man Saw |
| 22:29 | Build | Bombard Tower |
| 24:55 | Build | Bombard Tower |
| 26:03 | Age | Imperial Age |
| 26:14 | Research | Paper Money |
| 26:54 | Build | University |
| 27:12 | Research | Siege Onager (upgrade) |
| 28:03 | Research | Siege Engineers |
| 28:41 | Research | Capped Ram (upgrade) |
| 29:49 | Research | Ballistics |
| 29:51 | Research | Murder Holes |
| 30:06 | Build | Farm |
| 30:13 | Build | Farm |
| 30:15 | Build | Farm |
| 32:05 | Create | Villager (Male) |
| 32:05 | Create | Villager (Male) |
| 32:05 | Create | Villager (Male) |
| 32:05 | Create | Villager (Male) |
| 32:06 | Create | Villager (Male) |
| 32:06 | Create | Villager (Male) |
Build order — 18902345299
First 150 of 384 actions detected
| 0:55 | Build | Mill |
| 1:03 | Create | Villager (Male) ×5 |
| 1:03 | Create | Villager (Male) ×5 |
| 1:03 | Create | Villager (Male) ×5 |
| 1:42 | Build | Lumber Camp |
| 1:42 | Build | Lumber Camp |
| 1:43 | Build | Lumber Camp |
| 1:43 | Build | Lumber Camp |
| 1:44 | Build | Lumber Camp |
| 1:44 | Build | Lumber Camp |
| 1:44 | Build | Lumber Camp |
| 1:45 | Build | Lumber Camp |
| 1:45 | Build | Lumber Camp |
| 1:46 | Build | Lumber Camp |
| 1:46 | Build | Lumber Camp |
| 1:46 | Build | Lumber Camp |
| 1:47 | Build | Lumber Camp |
| 1:47 | Build | Lumber Camp |
| 1:48 | Build | Lumber Camp |
| 1:48 | Build | Lumber Camp |
| 1:48 | Build | Lumber Camp |
| 1:49 | Build | Lumber Camp |
| 1:49 | Build | Lumber Camp |
| 1:50 | Build | Lumber Camp |
| 1:50 | Build | Lumber Camp |
| 1:51 | Build | Lumber Camp |
| 1:51 | Build | Lumber Camp |
| 1:51 | Build | Lumber Camp |
| 1:52 | Build | Lumber Camp |
| 1:52 | Build | Lumber Camp |
| 1:53 | Build | Lumber Camp |
| 1:53 | Build | Lumber Camp |
| 1:54 | Build | Lumber Camp |
| 1:54 | Build | Lumber Camp |
| 1:54 | Build | Lumber Camp |
| 1:55 | Build | Lumber Camp |
| 1:55 | Build | Lumber Camp |
| 1:56 | Build | Lumber Camp |
| 1:56 | Build | Lumber Camp |
| 1:57 | Build | Lumber Camp |
| 1:57 | Build | Lumber Camp |
| 1:57 | Build | Lumber Camp |
| 1:58 | Build | Lumber Camp |
| 1:58 | Build | Lumber Camp |
| 1:59 | Build | Lumber Camp |
| 1:59 | Build | Lumber Camp |
| 1:59 | Build | Lumber Camp |
| 2:00 | Build | Lumber Camp |
| 2:00 | Build | Lumber Camp |
| 2:01 | Build | Lumber Camp |
| 2:01 | Build | Lumber Camp |
| 2:01 | Build | Lumber Camp |
| 2:02 | Build | Lumber Camp |
| 2:02 | Build | Lumber Camp |
| 2:03 | Build | Lumber Camp |
| 2:03 | Build | Lumber Camp |
| 2:04 | Build | Lumber Camp |
| 2:04 | Build | Lumber Camp |
| 2:04 | Build | Lumber Camp |
| 2:05 | Build | Lumber Camp |
| 2:05 | Build | Lumber Camp |
| 2:06 | Build | Lumber Camp |
| 3:17 | Create | Villager (Male) ×2 |
| 3:17 | Create | Villager (Male) ×2 |
| 3:18 | Create | Villager (Male) ×2 |
| 3:18 | Create | Villager (Male) ×2 |
| 3:30 | Build | Lumber Camp |
| 4:41 | Research | Thumb Ring |
| 7:20 | Build | Archery Range |
| 7:34 | Research | Hand Cart |
| 7:58 | Research | Elite Skirmisher (upgrade) |
| 9:32 | Research | Heavy Plow |
| 10:24 | Build | Castle |
| 10:49 | Build | Blacksmith |
| 10:53 | Build | University |
| 13:49 | Build | Caravanserai |
| 13:51 | Build | Caravanserai |
| 13:51 | Build | Caravanserai |
| 13:52 | Build | Caravanserai |
| 13:58 | Research | Iron Casting |
| 13:59 | Research | Bodkin Arrow |
| 14:29 | Build | Farm |
| 14:32 | Build | Farm |
| 14:35 | Build | Farm |
| 14:38 | Build | Farm |
| 14:41 | Build | Farm |
| 15:41 | Research | Gold Shaft Mining |
| 15:46 | Research | Paper Money |
| 16:19 | Research | Murder Holes |
| 16:25 | Research | Treadmill Crane |
| 17:23 | Create | Villager (Male) |
| 17:23 | Create | Villager (Male) |
| 17:24 | Create | Villager (Male) |
| 17:49 | Build | Caravanserai |
| 18:03 | Build | Lumber Camp |
| 18:04 | Build | Lumber Camp |
| 18:04 | Build | Lumber Camp |
| 18:05 | Build | Lumber Camp |
| 18:05 | Build | Lumber Camp |
| 18:06 | Build | Lumber Camp |
| 18:08 | Build | Lumber Camp |
| 18:11 | Build | Lumber Camp |
| 18:14 | Build | Lumber Camp |
| 19:53 | Research | Leather Archer Armor |
| 20:14 | Build | Mining Camp |
| 20:32 | Build | Mining Camp |
| 21:14 | Build | Lumber Camp |
| 21:36 | Research | Ballistics |
| 22:17 | Research | Chain Mail Armor |
| 22:34 | Create | Villager (Male) ×5 |
| 22:34 | Create | Villager (Male) ×5 |
| 22:34 | Create | Villager (Male) ×5 |
| 24:45 | Research | Imperial Age |
| 26:39 | Age | Imperial Age |
| 26:43 | Research | Imperial Skirmisher (upgrade) |
| 26:49 | Research | Bracer |
| 27:34 | Create | Villager (Male) ×5 |
| 27:34 | Create | Villager (Male) ×5 |
| 27:35 | Create | Villager (Male) ×5 |
| 27:35 | Create | Villager (Male) ×5 |
| 27:52 | Research | Crop Rotation |
| 28:18 | Build | Dock |
| 29:16 | Research | Gillnets |
| 29:17 | Research | Gillnets |
| 29:18 | Create | Fishing Ship ×5 |
| 29:19 | Create | Fishing Ship ×5 |
| 29:19 | Create | Fishing Ship ×5 |
| 29:20 | Create | Fishing Ship ×5 |
| 29:20 | Create | Fishing Ship ×5 |
| 29:51 | Research | Ring Archer Armor |
| 29:52 | Research | Plate Mail Armor |
| 29:52 | Research | Plate Mail Armor |
| 31:43 | Research | Plate Mail Armor |
| 32:48 | Build | Farm |
| 32:51 | Build | Farm |
| 32:55 | Build | Farm |
| 33:00 | Build | Farm |
| 33:06 | Build | Farm |
| 33:09 | Build | Farm |
| 33:12 | Build | Farm |
| 33:15 | Build | Farm |
| 33:18 | Build | Farm |
| 33:24 | Build | Farm |
| 33:27 | Build | Farm |
| 33:52 | Create | Villager (Male) ×2 |
| 33:52 | Create | Villager (Male) ×2 |
| 33:52 | Create | Villager (Male) ×2 |
| 33:53 | Create | Villager (Male) ×2 |
| 34:16 | Research | Tech 19 |
| 34:38 | Research | Paper Money |
Match timeline
| 0:26 | 菜就多练啊 · first_building Castle |
| 0:49 | Sweet Peach · first_building Castle |
| 1:25 | Viper-帝魔 · first_building Castle |
| 1:35 | Viper-帝魔 · first_building Archery Range |
| 1:56 | 沧海 · first_building Barracks |
| 2:05 | 魔帝 · first_building Castle |
| 2:47 | 沧海 · first_building Dock |
| 5:49 | 菜就多练啊 · first_building Stable |
| 7:20 | 18902345299 · first_building Archery Range |
| 8:10 | 菜就多练啊 · first_building Archery Range |
| 10:24 | 18902345299 · first_building Castle |
| 16:40 | Smokelord · first_building Castle |
| 18:32 | 魔帝 · first_building Siege Workshop |
| 20:45 | Viper-帝魔 · first_building Stable |
| 21:22 | 魔帝 · age_up imperial |
| 25:45 | 沧海 · first_building Castle |
| 25:56 | Viper-帝魔 · age_up imperial |
| 26:39 | 18902345299 · age_up imperial |
| 28:06 | harewq2 · first_building Dock |
| 28:18 | 18902345299 · first_building Dock |
| 28:39 | 沧海 · age_up imperial |
| 32:53 | 菜就多练啊 · first_building Monastery |
| 33:23 | harewq2 · first_building Castle |
| 36:05 | Smokelord · first_building Dock |
| 36:57 | Sweet Peach · age_up imperial |
| 38:46 | 菜就多练啊 · age_up imperial |
| 46:47 | Smokelord · age_up imperial |
| 49:15 | harewq2 · age_up imperial |
| 52:03 | Smokelord · first_building Stable |
| 56:48 | Sweet Peach · resign |
[ AI ANALYSIS · 1 CREDIT ]
What really happened in this match?
Wolo.gg analyzes every decision: build order, eco, micro, common mistakes by bracket. Personalized analysis on WhatsApp or Discord in 30 seconds.
Civ guide
Malay
Perfil
Jugador #5576475